Map: [ESL] Crimson Court

Players

ShoWTimE - Winner!

  • Race: Protoss Protoss
  • Spawn Location: 1:00

AqueroN

  • Race: Terran Terran
  • Spawn Location: 7:00

Event: ESL SC2 Masters 2024 Spring (Regional)

VOD

Have the link to the VOD?

Description

Time

  • Played on: April 19, 2024, 11:53 a.m.
  • Length: 14:40

All games in this series

Show
View Real Time Build Order
Export as new Build Order

ShoWTimE Protoss - Winner!

Build Orders: 1 Gate Expand, Phoenix Opening, Colossus Rush 

Get SALT Encoding   

  12  0:00  Probe  
  13  0:12  Probe  
  14  0:17  Pylon  
  14  0:24  Probe  
  15  0:35  Gateway  
  15  0:36  Probe (Chrono Boost)  
  16  0:45  Probe (Chrono Boost)  
  16  0:46  Assimilator  
  17  0:50  Probe (Chrono Boost)  
  18  1:02  Probe  
  19  1:15  Probe  
  20  1:22  Cybernetics Core  
  20  1:27  Probe  
  21  1:35  Nexus  
  21  1:42  Pylon  
  21  1:45  Probe  
  22  1:51  Assimilator  
  22  1:57  Probe, Adept (Chrono Boost)  
  25  2:09  Probe  
  25  2:18  Stargate  
  25  2:21  Probe  
  26  2:26  Stalker (Chrono Boost)  
  28  2:33  Probe  
  28  2:36  Shield Battery  
  29  2:39  Warp Gate  
  29  2:45  Probe  
  29  2:48  Probe  
  31  2:54  Stalker  
  34  3:00  Probe x2 (Chrono Boost)  
  35  3:10  Phoenix (Chrono Boost)  
  35  3:11  Probe (Chrono Boost)  
  37  3:14  Probe (Chrono Boost)  
  37  3:16  Probe (Chrono Boost)  
  38  3:22  Probe  
  39  3:27  Pylon, Phoenix (Chrono Boost)  
  39  3:28  Probe  
  39  3:34  Probe  
  43  3:40  Probe  
  44  3:45  Gateway, Robotics Facility  
  44  3:46  Probe  
  45  3:52  Probe  
  45  3:53  Assimilator  
  45  3:55  Assimilator  
  46  3:58  Probe  
  47  4:03  Phoenix  
  47  4:04  Probe  
  47  4:09  Pylon  
  50  4:11  Probe  
  50  4:16  Probe  
  52  4:20  Pylon  
  52  4:23  Probe  
  53  4:28  Probe, Phoenix  
  56  4:31  Observer (Chrono Boost)  
  56  4:33  Stalker  
  56  4:37  Probe  
  58  4:43  Immortal (Chrono Boost)  
  62  4:52  Stalker  
  63  4:53  Probe  
  63  4:54  Probe  
  65  5:01  Pylon  
  62  5:09  Robotics Bay  
  62  5:19  Nexus  
  60  5:22  Pylon, Observer (Chrono Boost)  
  60  5:25  Probe x2  
  63  5:30  Pylon  
  63  5:31  Sentry, Zealot  
  67  5:37  Probe x2  
  69  5:49  Probe x2  
  71  5:50  Forge  
  71  5:51  Gateway  
  71  5:53  Colossus (Chrono Boost)  
  77  6:01  Probe  
  77  6:02  Probe  
  79  6:04  Twilight Council  
  79  6:06  Extended Thermal Lance  
  79  6:13  Probe  
  79  6:14  Probe  
  80  6:22  Shield Battery  
  78  6:25  Probe  
  78  6:26  Probe  
  78  6:31  Adept  
  77  6:33  Adept  
  77  6:37  Probe  
  77  6:38  Probe  
  81  6:41  Phoenix  
  82  6:50  Probe  
  75  6:56  Stalker  
  75  7:00  Probe  
  72  7:06  Phoenix (Chrono Boost)  
  74  7:10  Protoss Ground Weapons Level 1  
  72  7:17  Probe, Shield Battery  
  72  7:18  Probe  
  72  7:22  Probe (Chrono Boost)  
  69  7:25  Zealot x3  
  69  7:27  Phoenix (Chrono Boost)  
  69  7:30  Probe (Chrono Boost)  
  69  7:32  Probe (Chrono Boost)  
  69  7:34  Probe (Chrono Boost)  
  69  7:35  Charge (Chrono Boost)  
  71  7:41  Probe (Chrono Boost)  
  71  7:42  Probe (Chrono Boost)  
  71  7:43  Probe (Chrono Boost)  
  74  7:46  Probe x2 (Chrono Boost), Robotics Facility  
  74  7:47  Probe (Chrono Boost)  
  77  7:55  Probe  
  77  7:57  Probe  
  79  7:59  Probe  
  79  8:01  Gateway x2  
  80  8:08  Probe  
  80  8:09  Probe  
  80  8:11  Probe  
  83  8:20  Probe  
  83  8:21  Probe  
  83  8:23  Pylon, Probe  
  83  8:24  Assimilator  
  83  8:26  Gateway, Sentry  
  88  8:27  Zealot x2  
  88  8:28  Assimilator  
  88  8:29  Gateway  
  88  8:30  Colossus (Chrono Boost)  
  88  8:32  Probe, Templar Archives  
  88  8:33  Probe  
  100  8:37  Pylon, Probe  
  101  8:45  Phoenix  
  101  8:47  Gateway  
  103  8:59  Nexus  
  103  9:01  Pylon  
  103  9:05  Pylon  
  103  9:07  Probe x2  
  105  9:12  Zealot x4  
  105  9:16  Pylon  
  113  9:17  Probe  
  113  9:18  Colossus (Chrono Boost)  
  113  9:19  Probe x2  
  113  9:21  Protoss Ground Weapons Level 2 (Chrono Boost)  
  121  9:30  Shield Battery  
  121  9:31  Shield Battery  
  121  9:33  Sentry  
  123  9:38  Shield Battery  
  123  9:44  Zealot x5  
  133  9:56  Colossus (Chrono Boost)  
  133  9:58  High Templar  
  141  10:01  Pylon  
  141  10:10  High Templar x3  
  113  10:14  Archon  
  113  10:16  Stalker x2, Archon  
  103  10:22  Stalker x2  
  101  10:32  Zealot  
  103  10:35  Shield Battery  
  103  10:39  Zealot x2  
  103  10:42  Immortal (Chrono Boost)  
  111  10:44  Zealot x3  
  111  10:47  Phoenix  
  111  10:48  Zealot x2  
  122  10:55  Zealot x2  
  122  10:56  Zealot  
  128  11:01  Blink (Chrono Boost)  
  126  11:07  High Templar  
  126  11:08  High Templar, Zealot x2  
  126  11:09  Probe x3  
  126  11:10  Probe  
  138  11:12  Archon  
  138  11:14  Colossus (Chrono Boost), Shield Battery  
  138  11:15  Zealot x3  
  138  11:16  Zealot  
  152  11:22  Robotics Facility  
  152  11:35  Pylon  
  152  11:37  Stalker x3, Zealot x3  
  152  11:38  Pylon  
  152  11:39  Protoss Ground Weapons Level 3 (Chrono Boost)  
  164  11:47  Pylon  
  164  11:50  Pylon  
  164  11:51  Pylon  
  164  11:54  Nexus  
  164  11:55  Pylon  
  164  11:57  Disruptor (Chrono Boost)  
  164  11:59  Sentry, Zealot x2  
  174  12:06  Zealot x4  
  182  12:17  Stalker  
  182  12:19  Stalker, Zealot  
  188  12:30  Probe  
  188  12:35  Disruptor (Chrono Boost)  
  188  12:36  Gateway  
  189  12:38  Shield Battery  
  189  12:39  Gateway  
  189  12:40  Photon Cannon  
  189  12:42  Pylon  
  197  12:45  Disruptor (Chrono Boost)  
  197  12:47  Unknown  
  195  13:01  Disruptor (Chrono Boost)  
  195  13:05  Gateway  
  199  13:08  Gateway  
  199  13:11  Gateway  
  197  13:13  Gateway  
  197  13:18  Zealot x2  
  199  13:40  Disruptor x2 (Chrono Boost)  
  175  13:48  Stalker x8  
  147  13:49  Zealot  
  147  13:50  Zealot  
  139  14:05  Zealot x2  
  139  14:09  Zealot x2  
  143  14:16  Zealot x10  
  161  14:27  Zealot x2  
Show
View Real Time Build Order
Export as new Build Order

AqueroN Terran 

Build Orders:  

Get SALT Encoding   

  12  0:00  SCV  
  13  0:12  SCV  
  14  0:16  Supply Depot  
  14  0:24  SCV  
  15  0:38  SCV  
  15  0:40  Barracks  
  16  0:43  Refinery  
  16  0:50  SCV  
  16  0:52  Refinery  
  17  1:02  SCV  
  18  1:14  SCV  
  19  1:26  Orbital Command  
  19  1:27  Reaper  
  19  1:28  Supply Depot  
  20  1:41  Factory  
  20  1:52  SCV  
  21  1:59  Barracks Reactor  
  21  2:04  SCV  
  22  2:15  Command Center  
  22  2:16  SCV  
  23  2:28  SCV, Widow Mine  
  26  2:37  Marine x2  
  26  2:38  Supply Depot  
  26  2:42  Starport  
  28  2:45  SCV  
  28  2:51  Factory Tech Lab  
  28  2:55  Marine x2  
  28  2:57  SCV  
  31  3:09  SCV  
  32  3:13  Cyclone, Marine x2  
  32  3:19  Medivac  
  38  3:22  SCV  
  39  3:31  Marine x2  
  41  3:34  SCV  
  42  3:42  Orbital Command  
  42  3:46  SCV  
  43  3:49  Marine x2  
  45  3:56  Factory Tech Lab  
  45  3:59  SCV  
  45  4:01  Cloaking Field, Banshee  
  49  4:07  Supply Depot  
  49  4:08  SCV  
  50  4:11  SCV  
  50  4:14  Marine, Supply Depot  
  50  4:16  Marine  
  53  4:27  SCV  
  53  4:28  Siege Tank  
  57  4:32  Marine  
  57  4:34  SCV, Marine  
  60  4:39  SCV  
  60  4:44  Banshee, Supply Depot  
  64  4:47  SCV  
  64  4:51  SCV  
  64  4:54  Marine x2  
  64  4:59  SCV  
  66  5:00  Barracks  
  66  5:01  Supply Depot  
  66  5:03  SCV  
  66  5:11  SCV  
  66  5:12  Siege Tank, Marine x2  
  70  5:15  SCV  
  71  5:23  SCV  
  71  5:27  SCV, Refinery  
  71  5:28  Supply Depot, Barracks  
  73  5:30  Marine x2  
  73  5:35  SCV  
  76  5:43  Viking  
  76  5:47  Siege Tank  
  76  5:48  Marine x2  
  83  5:51  SCV x2, Engineering Bay  
  85  5:58  Stimpack, Marine  
  85  6:03  SCV x2  
  88  6:07  Marine x2  
  90  6:12  Supply Depot  
  90  6:17  Barracks Tech Lab  
  90  6:18  Marine  
  91  6:22  SCV x2  
  90  6:33  Bunker x2  
  90  6:34  Marine  
  90  6:35  Marine x2  
  92  6:41  SCV  
  92  6:42  SCV  
  92  6:43  Bunker  
  92  6:44  Viking  
  92  6:46  Combat Shield  
  93  6:50  Supply Depot  
  83  6:55  SCV  
  83  6:56  Marine x2  
  83  6:58  SCV  
  83  7:00  Siege Tank  
  79  7:07  SCV  
  73  7:13  SCV  
  69  7:16  Marine x2  
  69  7:17  Marauder x2  
  69  7:22  SCV  
  75  7:28  Starport Reactor  
  72  7:31  Command Center  
  72  7:33  Refinery  
  72  7:34  Terran Infantry Weapons Level 1  
  72  7:36  Siege Tank  
  71  7:40  Barracks  
  71  7:41  Barracks  
  71  7:42  Marauder, Marine  
  74  7:45  Marauder, Marine  
  74  7:46  Concussive Shells  
  74  7:48  SCV x2  
  79  8:04  Marauder  
  79  8:05  SCV x2  
  82  8:06  Marine x2  
  82  8:07  Marauder  
  82  8:09  Viking x2  
  90  8:18  Siege Tank  
  91  8:21  Supply Depot  
  91  8:25  SCV, Marauder  
  91  8:26  SCV  
  95  8:28  Marauder, Marine x2  
  95  8:29  Barracks Tech Lab, Barracks Reactor, Supply Depot  
  99  8:38  SCV x2  
  99  8:39  Viking x2  
  105  8:49  Marauder, Marine x2  
  105  8:50  Marauder  
  105  8:51  Marauder  
  105  8:52  Siege Tank  
  116  8:57  SCV x2  
  116  9:00  Supply Depot x2  
  118  9:05  Marine x2  
  118  9:08  Orbital Command  
  118  9:09  SCV x2  
  122  9:11  Viking x2  
  122  9:12  Marauder  
  124  9:21  SCV x2, Marine  
  124  9:22  Marauder x2  
  131  9:30  Terran Infantry Armor Level 1  
  131  9:33  Engineering Bay  
  131  9:34  Armory  
  131  9:35  Refinery  
  131  9:36  Refinery  
  131  9:38  Supply Depot  
  131  9:40  Supply Depot  
  131  9:43  Marine x4  
  135  9:47  Marauder  
  137  9:59  Marine x2  
  139  10:01  Medivac  
  139  10:02  Medivac  
  139  10:04  Ghost Academy  
  122  10:16  Marauder, Marine x3  
  122  10:17  Marauder x2  
  121  10:22  Siege Tank  
  118  10:29  SCV, Marine  
  118  10:30  SCV  
  121  10:37  Marauder, Barracks  
  121  10:38  Barracks  
  121  10:39  Marauder x2  
  125  10:51  Viking x2  
  125  10:52  Marine x3  
  129  10:58  Ghost  
  129  10:59  Ghost  
  115  11:06  Terran Infantry Weapons Level 2  
  115  11:09  Terran Ship Weapons Level 1, Marine  
  116  11:15  Marine x3  
  119  11:21  Command Center  
  119  11:23  Ghost  
  121  11:26  Medivac x2  
  121  11:28  Marine  
  121  11:29  Barracks Tech Lab x2  
  126  11:36  Ghost  
  126  11:37  Marine x3  
  131  11:40  Ghost, Missile Turret  
  131  11:46  Marine  
  134  11:53  Ghost  
  136  11:54  Marauder, Marine  
  136  11:55  Marauder, Marine x2  
  136  11:59  Factory Reactor  
  143  12:03  Medivac  
  145  12:09  Ghost  
  145  12:12  Barracks  
  147  12:21  Ghost  
  147  12:22  Marine x4  
  150  12:23  Marauder x2  
  150  12:27  Viking  
  156  12:33  Viking  
  156  12:34  SCV x3  
  161  12:41  Widow Mine  
  161  12:42  Widow Mine  
  165  12:46  SCV  
  165  12:48  Starport, Supply Depot x2  
  166  12:53  Marauder x2  
  166  12:54  Marauder x3, Marine x4  
  180  12:59  Missile Turret  
  180  13:06  Refinery  
  180  13:08  Viking  
  180  13:18  Ghost x2  
  180  13:19  Marauder x2  
  186  13:28  Marine  
  186  13:29  Marine x3  
  149  13:50  Marauder x2  
  149  13:51  Marauder  
  149  13:57  Marine  
  149  13:58  Marine x2  
  149  13:59  Marauder x2  
  134  14:12  Marauder x3  
Tags
 
Add a new tag
Caveats
  • Supply blocks, unpowered buildings, or Contaminate may cause inaccurate times.
  • Supply counts are checked every 10 seconds.